AoeStats
← [HOBO]Drifter

Nomad

509498633Analyzed
4v4 RM · 6d ago on Sep 27, 2026· 50m 48s· 8 players
Game mode
Random Map
Map size
231×231
Population
200
Speed
Normal
Resources
Standard
Victory
Conquest
Starting age
Dark Age
Ending age
Imperial Age
RankedLock teamsTeams togetherTeam positionsShared explorationLock speedFull tech treeHidden civsTurbo modeCheats
Victory
Defeat
🇲🇽 Mongols · Mexico
1274
+16
🇨🇳 Danes · China
1251
+17
🇺🇸 Spanish · United States
1244
+17
🇬🇧 Varangians · United Kingdom
1228
+18
🇧🇷 Huns · Brazil
1298
-18
🇺🇸 Italians · United States
1272
-17
🇧🇷 Vietnamese · Brazil
1265
-17
🇦🇷 Persians · Argentina
1257
-16
[HOBO]Drifter
5:23 Loom
13:06 Feudal Age
13:50 Double-Bit Axe
16:35 Gold Mining
20:40 Castle Age
20:02 Fletching
20:38 Padded Archer Armor
21:11 Crossbowman
22:05 Bow Saw
22:34 Bodkin Arrow
25:22 Horse Collar
26:00 Medium Warships
29:34 Wheelbarrow
34:15 Imperial Age
35:57 Ballistics
35:58 Masonry
40:51 Conscription
41:05 Architecture
41:06 Bracer
45:18 Leather Archer Armor
49:14 Hoardings
Fpavoni
4:24 Loom
6:35 Loom
13:38 Feudal Age
17:42 Castle Age
17:32 Fletching
21:53 Wheelbarrow
26:32 Town Watch
28:58 Ballistics
31:46 Hand Cart
47:25 Double-Bit Axe
twitch.tv/megafussion
4:46 Loom
14:33 Feudal Age
15:57 Double-Bit Axe
18:46 Castle Age
17:02 Gold Mining
16:59 Town Watch
17:09 Stone Mining
17:49 Horse Collar
18:06 Fletching
20:12 Medium Warships
21:54 Bow Saw
26:06 Wheelbarrow
25:37 Heavy Plow
27:48 Bodkin Arrow
31:24 Gold Shaft Mining
34:28 Imperial Age
33:55 Bloodlines
33:46 Husbandry
33:08 Light Cavalry
34:41 Scale Barding Armor
34:47 Forging
34:14 Hussar
35:07 Town Patrol
35:38 Hand Cart
35:51 Cavalier
37:20 Crop Rotation
39:11 Two-Man Saw
38:03 Savar
40:04 Chain Barding Armor
40:20 Iron Casting
43:51 Plate Barding Armor
44:18 Blast Furnace
45:51 Stone Shaft Mining
49:23 Scale Mail Armor
51:35 Hoardings
Rōnin
9:41 Loom
13:45 Feudal Age
14:15 Double-Bit Axe
14:18 Town Watch
24:06 Castle Age
22:03 Gold Mining
22:31 Horse Collar
22:46 Stone Mining
23:33 Fletching
25:21 Wheelbarrow
24:54 Heavy Plow
25:07 Bow Saw
26:08 Hand Cart
25:56 Bodkin Arrow
26:18 Padded Archer Armor
28:26 Leather Archer Armor
29:53 Thumb Ring
35:57 Imperial Age
34:22 Hand Cart
35:31 Scale Mail Armor
35:37 Squires
36:37 Ballistics
36:29 Masonry
36:39 Bracer
37:57 Two-Man Saw
38:01 Ring Archer Armor
39:38 Forging
41:23 Chemistry
42:08 Masonry
41:32 Elite Rattan Archer
45:01 Paper Money
45:15 Chain Mail Armor
47:12 Elite Fire Lancer
48:22 Masonry
petey_hs
5:00 Loom
14:41 Feudal Age
18:48 Castle Age
21:29 Fletching
21:40 Padded Archer Armor
23:49 Fishing Lines
27:19 Horse Collar
28:51 Bodkin Arrow
32:45 Double-Bit Axe
33:36 Heavy Plow
34:18 Bloodlines
37:31 Imperial Age
35:14 Husbandry
36:43 Leather Archer Armor
36:34 Scale Barding Armor
36:43 Bow Saw
38:41 Wheelbarrow
37:51 Town Watch
38:32 Conscription
39:15 Chemistry
38:36 Ballistics
40:16 Bracer
41:14 Forging
42:25 Gold Mining
42:25 Stone Mining
42:54 Light Cavalry
44:19 Hussar
45:54 Elite Conquistador
46:14 Pikeman
46:55 Squires
49:24 Ring Archer Armor
Naco y Estúpido
13:08 Feudal Age
14:35 Double-Bit Axe
15:43 Loom
20:18 Castle Age
19:03 Bloodlines
18:46 Fletching
18:56 Padded Archer Armor
21:25 Leather Archer Armor
25:59 Bodkin Arrow
26:48 Thumb Ring
28:20 Bow Saw
29:09 Ballistics
29:12 Gold Mining
29:14 Stone Mining
29:55 Husbandry
37:25 Imperial Age
36:06 Gold Shaft Mining
36:06 Stone Shaft Mining
35:28 Fishing Lines
36:51 Masonry
38:50 Hoardings
38:39 Conscription
38:41 Bracer
41:36 Stone Shaft Mining
40:37 Elite Mangudai
43:13 Chemistry
Ham Shank
5:51 Loom
14:35 Feudal Age
14:59 Fishing Lines
15:47 Double-Bit Axe
19:24 Castle Age
18:39 Fletching
20:25 Bodkin Arrow
21:54 Ballistics
22:39 Wheelbarrow
22:59 Clinker Construction
23:01 Careening
23:18 Bow Saw
24:59 Town Watch
27:02 Hand Cart
30:27 Gillnets
34:00 Imperial Age
34:55 Bracer
34:49 Stone Mining
34:50 Gold Mining
37:56 Chemistry
40:19 Scale Barding Armor
40:25 Forging
41:29 Conscription
40:35 Elite Jarl
42:20 Two-Man Saw
42:45 Chain Barding Armor
43:00 Iron Casting
42:30 Horse Collar
43:53 Bloodlines
43:44 Husbandry
44:23 Plate Barding Armor
44:00 Heavy Plow
46:20 Blast Furnace
45:21 Murder Holes
45:36 Masonry
出兵保護我~
10:43 Loom
13:38 Feudal Age
14:53 Double-Bit Axe
16:11 Wheelbarrow
16:03 Fishing Lines
18:48 Castle Age
17:28 Stone Mining
17:20 Horse Collar
18:58 Gold Mining
20:41 Gillnets
23:13 Wheelbarrow
25:59 Gold Shaft Mining
26:25 Heavy Plow
26:38 Forging
26:28 Scale Mail Armor
28:07 Iron Casting
29:10 Chain Mail Armor
29:23 Bow Saw
30:13 Hand Cart
30:31 Squires
35:33 Imperial Age
34:01 Hamask
35:58 Elite Jomsviking
36:04 Elite Jomsviking
38:33 Blast Furnace
38:03 Plate Mail Armor
38:48 Chemistry
37:59 Masonry
38:51 Ballistics
40:08 Arson
41:00 Conscription
40:01 Northmen's Fury
41:07 Pikeman
42:01 Halberdier
42:33 Fletching
42:43 Padded Archer Armor
44:36 Hoardings
46:24 Town Watch
50:09 Murder Holes
50:19 Siege Engineers
Connection lost

Rejoining the realm…

Still unreachable

The connection could not be restored.

Session expired

The server has moved on; the page needs a fresh start.